 Dungeon Crawl Stone Soup version 0.31-a0-1009-g454b1f1e0a (webtiles) character file.

Game seed: 8667375818342975581

3150 GenialerGandalf the Cleaver (level 9, 0/81 HPs)
             Began as a Hill Orc Fighter on Nov 15, 2023.
             Was a Believer of Beogh.
             Slain by an orc warrior
             ... wielding a +0 spear
              (7 damage)
             ... in a bailey.
             The game lasted 00:20:59 (7398 turns).

GenialerGandalf the Cleaver (Hill Orc Fighter)      Turns: 7398, Time: 00:21:01

Health: 0/81       AC: 11    Str: 23    XL:     9   Next: 93%
Magic:  11/11      EV:  8    Int:  8    God:    Beogh [**....]
Gold:   270        SH:  5    Dex: 10    Spells: 8/8 levels left

rFire   . . .        a - +1 war axe
rCold   . . .        c - +0 buckler
rNeg    . . .        v - +0 chain mail
rPois   .            (no helmet)
rElec   .            l - +0 cloak
rCorr   .            (no gloves)
SInv    .            (no boots)
Will    .....        z - amulet of regeneration Stlth
                     (no ring)
HPRegen 1.13/turn    (no ring)
MPRegen 0.12/turn

%: no passive effects
@: no status effects
A: no striking features
a: Renounce Religion, Smiting


You were in a bailey.
You worshipped Beogh.
Beogh was pleased with you.
You visited 1 branch of the dungeon, and saw 7 of its levels.
You also visited: Bailey.

You collected 270 gold pieces.

Inventory:

Hand Weapons
 a - a +1 war axe (weapon)
 w - a +0 falchion
Missiles
 x - 2 throwing nets
Armour
 b - a +0 scale mail
 c - a +0 buckler (worn)
 l - a +0 cloak (worn)
 v - a +0 chain mail (worn)
Jewellery
 g - an amulet of faith
 z - an amulet of regeneration (around neck)
Wands
 n - a wand of polymorph (6)
 o - a wand of paralysis (12)
 q - a wand of iceblast (9)
Scrolls
 m - a scroll of fear
 p - 2 scrolls of noise
 s - 3 scrolls of revelation {unknown}
 y - 2 scrolls of enchant weapon
 B - a scroll of blinking
 C - a scroll of silence {unknown}
Potions
 d - 2 potions of might
 e - a potion of attraction {unknown}
 f - 4 potions of degeneration {unknown}
 h - 3 potions of heal wounds {unknown}
 i - a potion of ambrosia {unknown}
 j - a potion of curing
 k - 3 potions of mutation {unknown}
 r - a potion of enlightenment {unknown}
 t - a potion of haste {unknown}
 u - a potion of magic {unknown}
 A - a potion of berserk rage {unknown}


   Skills:
 * Level 8.1 Fighting
 * Level 12.2 Axes
 * Level 6.8 Armour
 * Level 6.2 Shields
 * Level 3.4 Invocations


You had 8 spell levels left.
You didn't know any spells.
Your spell library contained the following spells:

 Spells                   Type           Power      Damage    Failure   Level
 Lesser Beckoning         Tloc           0%         N/A       99%         2
 Gell's Gravitas          Tloc           0%         N/A       100%        3
 Teleport Other           Tloc           0%         N/A       100%        3


Dungeon Overview and Level Annotations

Branches:
Dungeon (7/15)             Temple (0/1) D:6          Bailey (1/1)

Altars:

Shops:
D:1 ?   D:6 *


Message History

You hit the orc warrior.
The orc warrior is lightly wounded.
The orc warrior closely misses you. x2
You barely miss the orc warrior.
The orc warrior is lightly wounded.
You block the orc warrior's attack.
The orc warrior hits you but does no damage.
You barely miss the orc warrior.
The orc warrior is lightly wounded.
The orc warrior hits you with a +0 glaive!
The orc warrior hits you from afar with a +0 spear!
You closely miss the orc warrior.
The orc warrior is lightly wounded.
The orc warrior barely misses you.
You slash the orc warrior!
The orc warrior is moderately wounded.
The orc warrior barely misses you.
You closely miss the orc warrior.
The orc warrior is moderately wounded.
The orc warrior hits you with a +0 glaive!
The orc warrior hits you from afar with a +0 spear.
You barely miss the orc warrior.
The orc warrior is moderately wounded.
The orc warrior hits you with a +0 glaive!
* * * LOW HITPOINT WARNING * * *
The orc warrior hits you but does no damage.
You feel better. The orc warrior barely misses you.
The orc warrior hits you from afar with a +0 spear!
* * * LOW HITPOINT WARNING * * *
The orc warrior hits you with a +0 glaive!
* * * LOW HITPOINT WARNING * * *
The orc warrior hits you but does no damage.
You slash the orc warrior!
The orc warrior is heavily wounded.
You hit the orc warrior but do no damage.
The orc warrior hits you with a +0 glaive.
* * * LOW HITPOINT WARNING * * *
The orc warrior hits you with a +0 spear!
You die...
Beogh appreciates the orc warrior's killing of a heretic priest.

.......~~..## ##..~~.)........#
~~~~~~~~..##.∩.##.)~~~)~~~~~~.#
....)....##.....##..).......~.#
#############'###'#########.~.#
## §§§......## ##.).# .##
§≈§§≈≈§≈.§## ##..~.# ..##
§≈.....§≈§.## ##..)~.# ~..#
.§.§§⌠oo§§..# #..~~.∩# ~..#+#
≈...⌠..@≈≈..#+#..~~.## ).##.##
≈§.§...§≈..##.##..~~.# .##.$.#
.§≈≈.≈≈≈..#+...##..~.# ##.$$$.
.§§......##.....##)~.#
#############+#############)~.#
.........## ##..........~.#
~~~~~~~~..## ##..~~~~~~~~~~.#
)......~~..## ##..~~..........#
######..~~).###..~~..##########


You could see 2 orc warriors.

Vanquished Creatures
  Jeremiah (D:6)
  A troll (D:7)
  4 fire bats
  Eustachio (D:4)
  3 ice beasts
  3 orc warriors
  2 black bears
  3 ogres
  A phantom (D:5)
  A kobold brigand (D:6)
  A scorpion (D:6)
  A vampire bat (D:4)
  A howler monkey (D:4)
  4 hounds
  4 orc priests
  6 jellies
  An iguana (D:6)
  Natasha (thrice) (D:4)
  5 orc wizards
  Robin (D:3)
  6 adders
  7 gnolls (D:3)
  A shadow imp (D:6)
  2 ufetubi (D:7)
  2 worms (D:2)
  4 dart slugs
  36 orcs
  2 spectral bats (D:4)
  7 ball pythons
  13 bats
  3 bat skeletons (D:4)
  A bat zombie (D:4)
  3 endoplasms
  A giant cockroach (D:2)
  52 goblins
  37 hobgoblins
  3 jackals (D:3)
  4 quokkas
  A bat simulacrum (D:4)
  3 frilled lizards
  15 kobolds
  7 rats
257 creatures vanquished.

Vanquished Creatures (others)
  A hound (D:5)
1 creature vanquished.

Grand Total: 258 creatures vanquished

Notes
Turn   | Place    | Note
-------+----------+-------------------------------------------
     0 | D:1      | GenialerGandalf the Hill Orc Fighter began the quest for
                  | the Orb.
     0 | D:1      | Reached XP level 1. HP: 19/19 MP: 1/1
   144 | D:1      | Reached XP level 2. HP: 27/27 MP: 2/2
   187 | D:1      | Found a faded altar of an unknown god.
   325 | D:1      | Reached skill level 3 in Axes
   327 | D:1      | Reached XP level 3. HP: 28/33 MP: 3/3
   454 | D:1      | Found Gemoc's Magic Scroll Emporium.
  1486 | D:2      | Reached XP level 4. HP: 40/40 MP: 4/4
  1774 | D:2      | Reached skill level 4 in Axes
  1936 | D:3      | Noticed Robin
  1947 | D:3      | Killed Robin
  2037 | D:3      | Noticed Ijyb
  2040 | D:3      | Ijyb changed into Ijyb the sky beast
  2040 | D:3      | Noticed Ijyb
  2041 | D:3      | Ijyb the sky beast changed into Ijyb the fire bat
  2041 | D:3      | Noticed Ijyb
  2047 | D:3      | Killed Ijyb the fire bat
  2048 | D:3      | Reached skill level 5 in Axes
  2048 | D:3      | Reached XP level 5. HP: 37/47 MP: 5/5
  2048 | D:3      | Reached XP level 6. HP: 41/53 MP: 6/6
  2370 | D:3      | Reached skill level 6 in Axes
  2509 | D:3      | Reached skill level 5 in Fighting
  3193 | D:3      | Reached XP level 7. HP: 57/61 MP: 7/7
  3395 | D:4      | Noticed Natasha
  3401 | D:4      | Killed Natasha
  3402 | D:4      | Reached skill level 7 in Axes
  3418 | D:4      | Noticed Natasha
  3423 | D:4      | Killed Natasha
  3695 | D:4      | Noticed Natasha
  3710 | D:4      | Killed Natasha
  3821 | D:4      | Noticed Eustachio
  3856 | D:4      | Killed Eustachio
  4088 | D:4      | Reached skill level 8 in Axes
  4174 | D:4      | Reached skill level 5 in Armour
  4212 | D:4      | Reached XP level 8. HP: 65/70 MP: 8/8
  4349 | D:4      | Reached skill level 5 in Shields
  4594 | D:5      | Entered Level 5 of the Dungeon
  4598 | D:5      | Became a worshipper of Beogh the Brigand
  4690 | D:4      | Reached skill level 9 in Axes
  5552 | D:6      | Noticed Jeremiah
  5569 | D:6      | HP: 1/58 [Jeremiah/+3 trident of draining (3)]
  5780 | D:6      | Killed Jeremiah
  5781 | D:6      | Reached skill level 10 in Axes
  5781 | D:6      | Reached skill level 1 in Invocations
  5781 | D:6      | Reached XP level 9. HP: 32/77 MP: 8/10
  6184 | D:6      | Found a staircase to the Ecumenical Temple.
  6250 | D:6      | Reached skill level 11 in Axes
  6269 | D:6      | Reached * piety under Beogh
  6396 | D:6      | Found Asaoc's Assorted Antiques.
  6970 | Bailey   | Identified the "Maus Ozi"
  6976 | D:7      | Noticed a troll
  6989 | D:7      | Killed a troll
  7077 | D:7      | Found a flagged portal.
  7098 | D:7      | Reached skill level 12 in Axes
  7100 | D:7      | HP: 4/81 [something (5)]
  7108 | Bailey   | Entered a bailey
  7187 | Bailey   | Reached ** piety under Beogh
  7398 | Bailey   | Slain by an orc warrior

Illustrated notes

Levels and vault maps discovered:
D:1:      lightli_arrival_statuegarden, layout_loops_ring, serial_shops,
          nicolae_shop_rolling_square, dreamdust_ecumenical_altar_grove
D:2:      layout_basic
D:3:      minmay_goblin_kobold_castle, layout_loops_ring, uniq_ijyb, uniq_robin
D:4:      layout_cave_pods, goddamned_bats, uniq_eustachio, uniq_natasha
D:5:      layout_rooms
D:6:      layout_cave_pods, minmay_temple_entry_mist, serial_shops, shop,
          uniq_jeremiah
D:7:      kennysheep_kobold_camp, layout_loops_ring, enter_bailey_2
Bailey:   bailey_polearm_1, bailey

Skill      XL: |  1  2  3  4  5  6  7  8  9 |
---------------+----------------------------+-----
Axes           | 3 5 6 8 10 12 | 12.2
Fighting       | 4 5 7 8 |  8.1
Armour         | 4 5 6 |  6.8
Shields        | 4 5 6 |  6.2
Invocations    | 1 3 |  3.4

Action                     |  1- 3 |  4- 6 |  7- 9 || total
---------------------------+-------+-------+-------++-------
  Melee: War axe           |   133 |   217 |   389 ||   739
 Invoke: Convert to Beogh  |       |       |     1 ||     1
  Evoke: Wand              |       |     4 |       ||     4
    Use: Scroll            |     4 |       |     3 ||     7
         Potion            |       |       |     4 ||     4
   Stab: Distracted        |       |       |     1 ||     1
 Armour: Scale mail        |    93 |   196 |   209 ||   498
         Chain mail        |       |       |   189 ||   189
  Dodge: Dodged            |    74 |   143 |   236 ||   453
  Block: Buckler           |    28 |    51 |   108 ||   187

Table legend: (Time is in decaauts)
 A = Elapsed time spent in this place.
 B = Non-inter-level travel time spent in this place.
 C = Inter-level travel time spent in this place.
 D = Time resting spent in this place.
 E = Time spent auto-exploring this place.
 F = Levels seen in this place.
 G = Mean time per level.
                   A        B        C        D        E       F      G
               +--------+--------+--------+--------+--------+-----+--------+
         Total |   7533 |   7228 |    305 |    715 |   4865 |   8 |  941.6 |
       Dungeon |   7235 |   6930 |    305 |    663 |   4787 |   7 | 1033.6 |
        Bailey |    298 |    298 |      0 |     52 |     77 |   1 |  298.0 |
               +--------+--------+--------+--------+--------+-----+--------+

Top non-repeatable levels by time:
     D:3: 1562 daAuts
     D:4: 1429 daAuts
     D:6: 1225 daAuts
     D:2: 1072 daAuts
     D:5: 941 daAuts
     D:1: 870 daAuts
  Bailey: 298 daAuts
     D:7: 135 daAuts
